 Dungeon Crawl Stone Soup version 0.18.1-8-gdd0e5ea (webtiles) character file.

4436 pennpaper the Blocker (level 10, -3/91 HPs)
             Began as a Gargoyle Fighter on June 3, 2016.
             Was an Elder of Makhleb.
             Slain by a cacodemon (10 damage)
             ... summoned by the player character
             ... on level 8 of the Dungeon.
             The game lasted 00:22:30 (8018 turns).

pennpaper the Blocker (Gargoyle Fighter)            Turns: 8018, Time: 00:22:30

Health: -3/91      AC: 21    Str: 25    XL:     10   Next: 36%
Magic:  15/16      EV: 10    Int:  9    God:    Makhleb [****..]
Gold:   174        SH: 12    Dex: 12    Spells: 0 memorised, 9 levels left

rFire  + . .     SeeInvis .     I - +2 mace (holy)
rCold  . . .     Gourm    .     G - quicksilver dragon armour
rNeg   + . .     Faith    .     c - +0 shield
rPois  ∞         Spirit   .     (no helmet)
rElec  +         Dismiss  .     k - +0 cloak
rCorr  .         Reflect  .     l - +0 pair of gloves
SustAt .         Harm     .     (no boots)
MR     +....                    E - amulet of rage
Stlth  ..........               (no ring)
                                H - ring of protection from fire

@: berserking, very quick, somewhat resistant to hostile enchantments, extremely
unstealthy
A: high mp 1, negative energy resistance 1, electricity resistance, unbreathing,
petrification resistance, rot immunity, AC +7
a: Minor Destruction, Lesser Servant of Makhleb, Major Destruction, Renounce
Religion, Evoke Berserk Rage


You were on level 8 of the Dungeon.
You worshipped Makhleb.
Makhleb was greatly pleased with you.
You were hungry.

You visited 1 branch of the dungeon, and saw 8 of its levels.

You collected 383 gold pieces.
You spent 209 gold pieces at shops.

Inventory:

Hand Weapons
 I - a +2 mace of holy wrath (weapon)
Missiles
 y - 4 silver tomahawks (quivered)
Armour
 c - a +0 shield (worn)
 k - a +0 cloak (worn)
 l - a +0 pair of gloves (worn)
 G - a quicksilver dragon armour (worn)
 O - the +0 scale mail of Boiling Hail {rPois rC++ Slay-4 Stlth+}
   (You took it off an orc on level 7 of the Dungeon)

   It affects your accuracy and damage with ranged weapons and melee attacks
   (-4).
   It greatly protects you from cold.
   It protects you from poison.
   It makes you more stealthy.
Jewellery
 w - an uncursed amulet of guardian spirit
 A - an uncursed amulet of magic regeneration
 E - an amulet of rage (around neck)
 H - a ring of protection from fire (left hand)
 P - an uncursed ring of wizardry {unknown}
Wands
 v - a wand of lightning (6/15)
 N - a wand of digging (14/24)
Scrolls
 b - 5 scrolls of identify
 e - 2 scrolls of remove curse
 g - 2 scrolls of enchant armour
 h - a scroll of blinking {unknown}
 o - 2 scrolls of immolation {unknown}
 q - 2 scrolls of fog {unknown}
 s - 2 scrolls of teleportation {unknown}
 B - a scroll of enchant weapon {unknown}
 C - a scroll of fear {unknown}
 D - 3 scrolls of magic mapping {unknown}
 F - 2 scrolls of amnesia {unknown}
 L - 2 scrolls of noise {unknown}
 M - 2 scrolls of recharging {unknown}
Potions
 a - a potion of magic
 d - a potion of might
 i - 3 potions of flight
 j - a potion of resistance
 n - a potion of cancellation
 p - 3 potions of heal wounds
 u - 5 potions of curing
 x - a potion of berserk rage
 z - a potion of brilliance {unknown}
 K - 2 potions of lignification {unknown}
Comestibles
 f - 2 bread rations
 m - 2 meat rations
 r - 3 beef jerkies
 t - 3 fruits
 J - 2 slices of pizza


   Skills:
 + Level 6.8 Fighting
 * Level 7.7 Maces & Flails
 + Level 6.3 Armour
 - Level 2.5 Dodging
 - Level 0.2 Stealth
 * Level 8.9 Shields
 * Level 7.0 Invocations


You had 9 spell levels left.
You didn't know any spells.

Dungeon Overview and Level Annotations

Branches:
Dungeon (8/15)             Temple (0/1) D:4
   Lair: D:8-11

Altars:
Ashenzari
Fedhas
Gozag
Kikubaaqudgha
Makhleb
Nemelex Xobeh
Okawaru
Pakellas
Qazlal
Ru
Sif Muna
Trog
Zin
The Shining One

Shops:
D:4 !   D:5 !   D:6 :[(

Annotations:
D:8 Grum


Innate Abilities, Weirdness & Mutations

You are resistant to torment.
Your stone body is resilient (AC +7).
You are immune to poison.
You resist negative energy.
You are resistant to electric shocks.
You can survive without breathing.
You are immune to petrification.
You are immune to rotting.
You have an increased reservoir of magic (+10% MP).


Message History

The wolf barely misses you.
The worker ant waves its antennae.
The cacodemon hits you but does no damage.
You block the cacodemon's attack.
You hit the cacodemon but do no damage.
The cacodemon is moderately wounded.
You block the wolf's attack.
You sock the cacodemon!
The cacodemon convulses.
The cacodemon is moderately wounded.
You block the wolf's attack. You block the cacodemon's attack.
The cacodemon hits you but does no damage.
The worker ant waves its antennae.
The wolf bites you.
* * * LOW HITPOINT WARNING * * *
You hit the cacodemon.
The cacodemon convulses.
The cacodemon is heavily wounded.
You block the wolf's attack.
The cacodemon hits you but does no damage.
The cacodemon hits you!
You die...

######.#### #
#.........## #
#..h.g.....#
#######..#######.#
h.hg##...# #h#
###.##...# #g#
###.##..[# #a#
.........# #h#
#........# #@#
#.#.##...## #2#
............ ..#
....#........ ####
#.###.#.####. #.#
#.#.# #.# #.#.#
#.###.#.#
#.......#


You could see a cacodemon, Grum, 2 wolves and a worker ant.

Vanquished Creatures
  Erica (D:8)
  Pikel (D:8)
  The ghost of Zellion the Charmwright, an amateur HESk of Okawaru (D:4)
  A wyvern (D:8)
  The ghost of PoisonMushroom the Shooter, an amateur HuHu (D:5)
  An orc warrior (D:6)
  A phantom (D:8)
  4 ogres
  A necrophage (D:6)
  3 giant frogs (D:6)
  A scorpion (D:7)
  A wyvern skeleton (D:7)
  5 wights
  4 howler monkeys
  2 crimson imps
  2 quasits
  8 orc priests
  2 hounds
  A giant frog skeleton (D:7)
  4 iguanas
  16 orc wizards
  5 worker ants
  A killer bee zombie (D:7)
  A worker ant zombie (D:7)
  Robin (D:4)
  12 gnolls
  17 adders
  6 shadow imps
  An adder skeleton (D:4)
  A worm (D:2)
  2 dart slugs
  2 giant geckos (D:4)
  39 orcs
  6 giant cockroaches
  17 goblins
  12 hobgoblins
  13 jackals
  5 quokkas
  5 bats
  A giant gecko skeleton (D:5)
  2 giant newts
  4 kobolds
  9 rats
223 creatures vanquished.

Vanquished Creatures (others)
  3 orcs (D:8)
3 creatures vanquished.

Grand Total: 226 creatures vanquished

Notes
Turn   | Place    | Note
--------------------------------------------------------------
     0 | D:1      | pennpaper the Gargoyle Fighter began the quest for the Orb.
     0 | D:1      | Reached XP level 1. HP: 14/14 MP: 1/1
    41 | D:1      | Reached XP level 2. HP: 17/19 MP: 2/2
   406 | D:1      | Reached XP level 3. HP: 21/23 MP: 3/3
  1020 | D:2      | Reached skill level 4 in Shields
  1167 | D:2      | Reached XP level 4. HP: 25/29 MP: 4/4
  1256 | D:2      | Found a sparkling altar of Nemelex Xobeh.
  1727 | D:2      | Reached skill level 1 in Dodging
  2351 | D:3      | Reached XP level 5. HP: 30/33 MP: 5/5
  2375 | D:3      | Found an ancient bone altar of Kikubaaqudgha.
  2771 | D:3      | Found a glowing golden altar of the Shining One.
  3040 | D:4      | Found an oddly glowing altar of Pakellas.
  3080 | D:4      | Noticed Zellion's ghost (amateur HESk)
  3125 | D:4      | Killed Zellion's ghost
  3125 | D:4      | Reached skill level 5 in Shields
  3125 | D:4      | Reached XP level 6. HP: 26/39 MP: 6/6
  3278 | D:4      | Found a burning altar of Makhleb.
  3283 | D:4      | Became a worshipper of Makhleb the Destroyer
  3304 | D:4      | Found Taaw's Distillery.
  3313 | D:4      | Bought a potion of curing for 36 gold pieces
  3313 | D:4      | Bought a potion of curing for 36 gold pieces
  3328 | D:4      | Found a staircase to the Ecumenical Temple.
  3390 | D:4      | Noticed Robin
  3391 | D:4      | Reached XP level 7. HP: 18/44 MP: 3/7
  3425 | D:4      | Reached skill level 1 in Invocations
  3441 | D:4      | Killed Robin
  3686 | D:4      | Reached * piety under Makhleb
  4274 | D:4      | Reached skill level 5 in Fighting
  4419 | D:5      | Entered Level 5 of the Dungeon
  4419 | D:5      | Found Favegi's Distillery.
  4437 | D:5      | Reached ** piety under Makhleb
  4449 | D:5      | Reached XP level 8. HP: 49/49 MP: 8/10
  4474 | D:5      | Bought a potion of heal wounds for 65 gold pieces
  4813 | D:5      | Noticed PoisonMushroom's ghost (amateur HuHu)
  4840 | D:5      | Killed PoisonMushroom's ghost
  4840 | D:5      | Reached skill level 6 in Shields
  4890 | D:5      | Reached skill level 5 in Armour
  5059 | D:5      | Reached skill level 5 in Maces & Flails
  5227 | D:5      | Reached *** piety under Makhleb
  5257 | D:5      | Found a bloodstained altar of Trog.
  5418 | D:6      | Found an oddly glowing altar of Pakellas.
  5466 | D:6      | Found Cituaz's Antique Weapon Shop.
  5515 | D:6      | Bought a runed mace for 72 gold pieces
  5541 | D:6      | Found Gonkello's Armour Boutique.
  5565 | D:6      | Found Axibosil's Book Shop.
  5617 | D:6      | Reached XP level 9. HP: 55/55 MP: 12/12
  5660 | D:6      | Found a sacrificial altar of Ru.
  5691 | D:6      | Found an iron altar of Okawaru.
  5698 | D:6      | Reached skill level 5 in Invocations
  5727 | D:6      | Reached skill level 7 in Shields
  5774 | D:6      | Found a deep blue altar of Sif Muna.
  5779 | D:6      | Found a blossoming altar of Fedhas.
  5779 | D:6      | Found a stormy altar of Qazlal.
  5786 | D:6      | Found a shattered altar of Ashenzari.
  5798 | D:6      | Found an iron altar of Okawaru.
  6471 | D:6      | Found an opulent altar of Gozag.
  6478 | D:6      | Found a glowing silver altar of Zin.
  6585 | D:7      | Reached **** piety under Makhleb
  6958 | D:7      | Got a smoking scale mail
  6969 | D:7      | Identified the +0 scale mail of Boiling Hail {rPois rC++ Slay-4 Stlth+} (You took it off an orc on level 7 of the Dungeon)
  7346 | D:7      | Reached skill level 8 in Shields
  7580 | D:8      | Noticed Pikel
  7604 | D:8      | Killed Pikel
  7604 | D:8      | Reached XP level 10. HP: 61/61 MP: 14/14
  7619 | D:8      | Reached ***** piety under Makhleb
  7848 | D:8      | Noticed Erica
  7881 | D:8      | Killed Erica
  7927 | D:8      | Noticed Grum
  8011 | D:8      | Noticed a cacodemon
  8014 | D:8      | Gained mutation: You have an increased reservoir of magic (+10% MP). [a cacodemon]
  8018 | D:8      | Slain by a cacodemon

Skill      XL: |  1  2  3  4  5  6  7  8  9 10 |
---------------+-------------------------------+-----
Shields        | 4 5 6 8 |  8.9
Dodging        | 1 2 |  2.5
Fighting       | 4 5 6 |  6.8
Maces & Flails | 3 4 5 7 |  7.7
Armour         | 4 5 6 |  6.3
Invocations    | 2 4 6 7 |  7.0
Stealth        | |  0.2

Action                   |  1- 3 |  4- 6 |  7- 9 | 10-12 || total
-------------------------+-------+-------+-------+-------++-------
Melee: Flail             |   134 |   234 |       |       ||   368
       Morningstar       |       |     5 |   380 |       ||   385
       Mace              |       |       |   378 |   114 ||   492
Invok: Greater Servant o |       |       |       |     1 ||     1
 Abil: Evoke Berserk Rag |       |       |       |     1 ||     1
  Use: Scroll            |       |     6 |     3 |       ||     9
 Stab: Paralysed         |       |       |     1 |       ||     1
  Eat: Chunk             |     1 |     6 |     8 |     1 ||    16
       Meat ration       |       |     1 |       |       ||     1
       Bread ration      |       |       |     1 |       ||     1
Armor: Scale mail        |    75 |   152 |   144 |       ||   371
       Quicksilver drago |       |       |   373 |    93 ||   466
Dodge: Dodged            |    49 |    79 |   293 |    42 ||   463
Block: Shield            |    77 |   105 |   495 |    85 ||   762
